[Event "*** SCC Grand Prix: Titled Tuesday Blitz"]
[Site "Chess.com"]
[Date "2020.06.02"]
[Round "4"]
[White "Matibar"]
[Black "Philosopherrr"]
[Result "0-1"]
[WhiteElo "2694"]
[BlackElo "2523"]
[TimeControl "180+1"]
[EndTime "10:39:21 PDT"]
[Termination "Philosopherrr won by resignation"]

1. e4 e5 2. Nf3 Nc6 3. Bb5 a6 4. Ba4 Nf6 5. Nc3 b5 6. Bb3 Be7 7. a3 d6 8. h3 Na5 9. Ba2 c5 10. O-O Nc6 11. Re1 Nd4 12. Nxd4 cxd4 13. Nd5 Nxd5 14.
Bxd5 Rb8 15. c3 dxc3 16. dxc3 O-O 17. Be3 Be6 18. Qb3 Qc8 19. Red1 Rd8 20. Rd2 Bxd5 21.
Qxd5 Qc4 22. Rad1 Qxd5 23. Rxd5 Kf8 24. Kf1 g6 25. Ke2 Ke8 26. f3 Rdc8 27. Kd3 Kd7 28. Kc2 Ke6 29. b4 Rc6 30. Kb3 f5 31. Bd2 Rc4 32. Re1 fxe4 33. fxe4 Rf8 34. Re2 Rxe4 35. Rxd6+ Bxd6 36. Rxe4 Rf2 37. Be1 Rxg2 38. a4 Kd5 39. Rg4 Rxg4 40. hxg4 h5 41. gxh5 gxh5 0-1

[Event "*** SCC Grand Prix: Titled Tuesday Blitz"]
[Site "Chess.com"]
[Date "2020.06.02"]
[Round "4"]
[White "Vlad_Lukiianchuk"]
[Black "szefru"]
[Result "1-0"]
[WhiteElo "2564"]
[BlackElo "2127"]
[TimeControl "180+1"]
[EndTime "10:39:21 PDT"]
[Termination "Vlad_Lukiianchuk won by resignation"]

1. d4 Nf6 2. c4 g6 3. Nc3 Bg7 4.
e4 d6 5. Nf3 O-O 6. Be2 e5 7. O-O Nc6 8. d5 Ne7 9. Ne1 Ne8 10. Be3 f5 11. f3 f4 12. Bf2 g5 13.
c5 Ng6 14. a4 h5 15. a5 Qd7 16. c6 Qe7 17. cxb7 Bxb7 18. a6 Bc8 19. Nb5 Bd7 20.
Nxa7 g4 21. fxg4 Nh4 22. Nc6 Qg5 23. Bxh4 Qxh4 24. Nf3 Qf6 25. gxh5 Kh8 26. Qe1 Rg8 27. Nh4 Kh7 28. Ng6 Bh6 29. a7 Rxg6 30. hxg6+ Qxg6 31. Kh1 Nf6 32. Ne7 Qg5 33. Nf5 Ng4 34. Bxg4 Qxg4 35. Nxh6 Kxh6 36. Ra3 Kg6 37. Qf2 Kf6 38. g3 Ke7 39. gxf4 exf4 40. Qxf4 1-0

[Event "*** SCC Grand Prix: Titled Tuesday Blitz"]
[Site "Chess.com"]
[Date "2020.06.02"]
[Round "4"]
[White "lrestevez"]
[Black "MergenKakabaev"]
[Result "0-1"]
[WhiteElo "2149"]
[BlackElo "2398"]
[TimeControl "180+1"]
[EndTime "10:39:21 PDT"]
[Termination "MergenKakabaev won by resignation"]

1. e4 e5 2. Nf3 Nc6 3. Bc4 Nf6 4. Ng5 d5 5. exd5 Na5 6. Bb5+ c6 7. dxc6 bxc6 8.
Bd3 g6 9. Nc3 Be7 10. O-O Nd5 11.
Nge4 f5 12. Ng3 e4 13. Be2 Be6 14. d3 Nxc3 15. bxc3 exd3 16. Bxd3 O-O 17. Qe2 Bf7 18. Re1 Bf6 19. Bd2 Qd5 20. c4 Nxc4 21. Rad1 Nxd2 22.
Qxd2 Qc5 23. Qf4 Bxa2 24. h4 h5 25. Qh6 Bf7 26. Rb1 Rab8 27. Rxb8 Rxb8 28. Nxh5 Bc3 29.
Re6 gxh5 30. Bxf5 Qxf5 31. Rxc6 0-1

[Event "*** SCC Grand Prix: Titled Tuesday Blitz"]
[Site "Chess.com"]
[Date "2020.06.02"]
[Round "4"]
[White "maciek_92"]
[Black "ChessQueen"]
[Result "0-1"]
[WhiteElo "2801"]
[BlackElo "2645"]
[TimeControl "180+1"]
[EndTime "10:39:22 PDT"]
[Termination "ChessQueen won by resignation"]

1. e4 c6 2. d4 d5 3. e5 c5 4. dxc5 e6 5. a3 Nc6 6. b4 Nxe5 7. f4 Ng6 8. Nf3 Be7 9. Bd3 Bf6 10. Ra2 N8e7 11.
O-O O-O 12. c4 a5 13. Qb3 axb4 14. axb4 Rxa2 15. Qxa2 Qc7 16. Na3 Nxf4 17. Nb5 Qb8 18. Bb1 dxc4 19. Nd6 e5 20. Qxc4 Be6 21. Qe4 Nfg6 22.
Ng5 Bd5 23. Qg4 b6 24. Be3 bxc5 25. Bxc5 Rd8 26. Nge4 Qa8 27. Nxf6+ gxf6 28. Rxf6 Qa1 29. Rf1 Qb2 30. Nf5 Nxf5 31. Bxf5 Ra8 32. Be4 Bxe4 33.
Qxe4 Ra2 34. Be3 Ra1 35. Rxa1 Qxa1+ 36. Kf2 Qb2+ 37. Kf3 Kg7 38. h4 h5 39. Bc5 f5 40.
Qxf5 Nxh4+ 41. Ke4 Nxf5 0-1

[Event "*** SCC Grand Prix: Titled Tuesday Blitz"]
[Site "Chess.com"]
[Date "2020.06.02"]
[Round "4"]
[White "lucachess49"]
[Black "maximnovik"]
[Result "0-1"]
[WhiteElo "2231"]
[BlackElo "2456"]
[TimeControl "180+1"]
[EndTime "10:39:22 PDT"]
[Termination "maximnovik won by resignation"]

1. d4 Nf6 2. c4 g6 3. f3 c5 4.
d5 e6 5. e4 exd5 6. cxd5 d6 7.
Ne2 Bg7 8. Nec3 O-O 9. Be2 a6 10. a4 Nh5 11. Be3 Qh4+ 12. Bf2 Qg5 13. g3 Bh3 14.
Qd2 Qe7 15. g4 Nf6 16. Rg1 h5 17. gxh5 Nxh5 18. Na3 Nd7 19. Nc4 b5 20. axb5 axb5 21. Rxa8 Rxa8 22. Nxb5 Ra1+ 23. Bd1 Ne5 24. Nxe5 Bxe5 25.
Qh6 Nf4 26. Nc3 Qb7 27. Be3 Qxb2 28. Bxf4 Bxc3+ 29. Bd2 Ra2 30. Rxg6+ fxg6 31. Qxg6+ Bg7 32. Qe8+ Bf8 33. Qg6+ Qg7 34. Qh5 Qg1+ 35. Ke2 Qg2+ 0-1

[Event "*** SCC Grand Prix: Titled Tuesday Blitz"]
[Site "Chess.com"]
[Date "2020.06.02"]
[Round "4"]
[White "1f3_2g41-0"]
[Black "XiaoKangZhong"]
[Result "0-1"]
[WhiteElo "2250"]
[BlackElo "2442"]
[TimeControl "180+1"]
[EndTime "10:39:22 PDT"]
[Termination "XiaoKangZhong won by checkmate"]

1. e4 c6 2. d4 d5 3. e5 c5 4. dxc5 Nc6 5. Nf3 Bg4 6. Bf4 e6 7. Bb5 Bxc5 8. O-O Ne7 9. Qd3 a6 10. Ba4 b5 11. Bb3 Qb6 12. a4 Ng6 13. Bg3 Bxf3 14.
Qxf3 bxa4 15. Bxa4 O-O 16. Bxc6 Qxc6 17. Nd2 Bd4 18.
c3 Bxe5 19. Bxe5 Nxe5 20. Qf4 Nd3 21. Qd4 Nxb2 22. Rfb1 Nc4 23. Nxc4 Qxc4 24. Qxc4 dxc4 25. Rb4 Rfc8 26. Ra5 Kf8 27. f4 Ke7 28. Rb7+ Kf6 29.
g4 Rab8 30. Ra7 Rb1+ 31. Kg2 Rb2+ 32. Kg3 Rb3 33. g5+ Kg6 34. Kg4 Rxc3 35. h4 f5+ 36. gxf6 gxf6 37. h5+ Kh6 38. Rf7 f5+ 39. Kh4 Rg8 40.
Rxa6 Rg4# 0-1

[Event "*** SCC Grand Prix: Titled Tuesday Blitz"]
[Site "Chess.com"]
[Date "2020.06.02"]
[Round "4"]
[White "Zkid"]
[Black "Semetey"]
[Result "1-0"]
[WhiteElo "2766"]
[BlackElo "2524"]
[TimeControl "180+1"]
[EndTime "10:39:23 PDT"]
[Termination "Zkid won on time"]

1. c4 c5 2. g3 g6 3. Bg2 Bg7 4. Nc3 Nc6 5. a3 d6 6. Rb1 a5 7. d3 e6 8. Bf4 Nge7 9. Nb5 e5 10. Bd2 O-O 11. Nf3 h6 12. O-O Be6 13. e4 Qd7 14.
Ne1 f5 15. exf5 Nxf5 16. Nc2 Ncd4 17. Nbxd4 Nxd4 18. Nxd4 cxd4 19. f4 d5 20. b3 Kh7 21.
fxe5 Bxe5 22. Rxf8 Rxf8 23. Bxa5 h5 24. Qe2 Bd6 25. Bb4 Bg4 26. Qd2 Bxb4 27. axb4 Bf3 28. Rf1 Qg4 29. Rf2 Rf5 30. c5 1-0

[Event "*** SCC Grand Prix: Titled Tuesday Blitz"]
[Site "Chess.com"]
[Date "2020.06.02"]
[Round "4"]
[White "Shubinkirill2003"]
[Black "BillieKimbah"]
[Result "0-1"]
[WhiteElo "2715"]
[BlackElo "2884"]
[TimeControl "180+1"]
[EndTime "10:39:24 PDT"]
[Termination "BillieKimbah won by resignation"]

1. e4 c5 2. Nf3 e6 3. g3 Nc6 4. Bg2 Nf6 5. Qe2 Be7 6. e5 Nd5 7. O-O O-O 8. Na3 a6 9. d3 b5 10. c4 Nc7 11. Bf4 Bb7 12. Rfd1 d5 13. exd6 Bxd6 14.
Bxd6 Qxd6 15. cxb5 Nxb5 16. Nc4 Qe7 17. Qe3 Rad8 18. Rac1 Nbd4 19. Ncd2 Nb4 20. Nxd4 cxd4 21. Qe2 Nxa2 22. Rc4 Bxg2 23. Kxg2 Qb7+ 24. Nf3 Rd5 25. Ra1 Nb4 26. Qe4 h6 27. Rac1 Na2 28. R1c2 Nb4 29.
Rc1 a5 30. Rxd4 Rfd8 31. Rxd5 Nxd5 32. Rc2 Rb8 33. Qc4 Qa8 34. Re2 Rb4 35. Qc5 Rg4 36.
h3 Nf4+ 37. Kf1 Qxf3 0-1

[Event "*** SCC Grand Prix: Titled Tuesday Blitz"]
[Site "Chess.com"]
[Date "2020.06.02"]
[Round "4"]
[White "anastasiyakarlovych"]
[Black "Sharpchess22"]
[Result "0-1"]
[WhiteElo "1883"]
[BlackElo "2741"]
[TimeControl "180+1"]
[EndTime "10:39:24 PDT"]
[Termination "Sharpchess22 won on time"]

1. e4 c6 2. d4 d5 3. Nc3 dxe4 4. Nxe4 Nf6 5. Nxf6+ exf6 6. Be2 Bd6 7. Nf3 O-O 8. h3 Re8 9. O-O Bf5 10. Bd3 Bxd3 11. Qxd3 Nd7 12. b3 a5 13. c4 a4 14. Bb2 Nf8 15. Rfe1 a3 16. Bc3 Ne6 17. Rad1 Qd7 18. Ne5 Bxe5 19. dxe5 Qxd3 20. Rxd3 Nc5 21. Rde3 f5 22.
f3 Red8 23. g4 f4 24. R3e2 Rd3 25. Bb4 Ne6 26. Kg2 c5 27. Bd2 g5 28. h4 Nd4 29.
Rf2 h6 30. hxg5 hxg5 31. Bc1 Rc3 32. Rh1 Kg7 33. Rff1 Rc2+ 34. Rf2 Rxf2+ 35. Kxf2 Nxb3 36. axb3 a2 37. Bb2 Rd8 38. e6+ f6 39. e7 Re8 40.
Re1 Kf7 41. Ra1 Rxe7 42. Rxa2 Rd7 43. Ra7 Rd2+ 44. Ke1 Rxb2 45. Rxb7+ Kg6 46. Rb5 Kf7 47. Rxc5 Rxb3 48. Rc6 Rxf3 49. c5 Rg3 50. Rc7+ Ke6 51. c6 Rxg4 52. Rg7 Rg1+ 53. Kd2 Ra1 54. c7 Ra8 0-1

[Event "*** SCC Grand Prix: Titled Tuesday Blitz"]
[Site "Chess.com"]
[Date "2020.06.02"]
[Round "4"]
[White "DanielTitichoca"]
[Black "IMDT02"]
[Result "0-1"]
[WhiteElo "2308"]
[BlackElo "2494"]
[TimeControl "180+1"]
[EndTime "10:39:24 PDT"]
[Termination "IMDT02 won by resignation"]

1. e4 c6 2. Nf3 d5 3. Nc3 Bg4 4. h3 Bxf3 5. Qxf3 e6 6. d3 g6 7. g4 Bg7 8. Bg2 Ne7 9. O-O O-O 10. Qg3 Nd7 11. f4 f5 12. e5 a6 13. Ne2 c5 14. d4 Nc6 15. c3 b5 16. Be3 cxd4 17. Nxd4 Nxd4 18. Bxd4 Rc8 19. Kh1 Nc5 20. Qe3 Ne4 21.
a4 fxg4 22. hxg4 Qh4+ 23. Qh3 Ng3+ 24. Kg1 Qxh3 25. Bxh3 Nxf1 26. Rxf1 bxa4 27. f5 exf5 28. gxf5 gxf5 29. Bxf5 Rce8 30. Bc5 Rxf5 31. Rxf5 Rxe5 32. Rxe5 Bxe5 33. Kg2 h5 34. Kh3 Kf7 35. Kh4 Kg6 36. Be3 Bf6+ 37. Kh3 a3 38. bxa3 Bxc3 39. a4 d4 40. Bc1 d3 0-1

[Event "*** SCC Grand Prix: Titled Tuesday Blitz"]
[Site "Chess.com"]
[Date "2020.06.02"]
[Round "4"]
[White "PavelShkapenko"]
[Black "MYMChessAcademy"]
[Result "1-0"]
[WhiteElo "2642"]
[BlackElo "2450"]
[TimeControl "180+1"]
[EndTime "10:39:25 PDT"]
[Termination "PavelShkapenko won on time"]

1. e4 d5 2. exd5 Qxd5 3. Nc3 Qa5 4. d4 Nf6 5. Nf3 Nc6 6. h3 Bf5 7. Bc4 O-O-O 8. O-O e5 9. d5 Nb4 10. Nxe5 Bg6 11.
Nxg6 hxg6 12. Bd2 Qc5 13. Bb3 Nbxd5 14. Nxd5 Nxd5 15. Qf3 f5 16. Rad1 Be7 17. Rfe1 Bf6 18. Bc1 Nb4 19. c3 Nc6 20. Be3 Qa5 21. Bd5 Rd6 22. Bf4 Rdd8 23. Bxc6 bxc6 24. Qxc6 Qb6 25. Qc4 Rxd1 26. Rxd1 Rd8 27. Rxd8+ Kxd8 28. b4 Ke7 29.
Bxc7 Qe6 30. Qxe6+ Kxe6 31. c4 Bc3 32. b5 Bb4 33. a4 Bc5 34. a5 f4 35. Bxf4 Kf5 36.
Be3 1-0

[Event "*** SCC Grand Prix: Titled Tuesday Blitz"]
[Site "Chess.com"]
[Date "2020.06.02"]
[Round "4"]
[White "Ginzburg_Yakov"]
[Black "Skatchkov_V"]
[Result "0-1"]
[WhiteElo "2330"]
[BlackElo "2539"]
[TimeControl "180+1"]
[EndTime "10:39:25 PDT"]
[Termination "Skatchkov_V won by resignation"]

1. d4 Nf6 2. Nf3 e6 3. c4 b6 4. g3 Bb7 5. Bg2 Be7 6. O-O O-O 7. d5 exd5 8. Nh4 c6 9. cxd5 Nxd5 10. Nf5 Nc7 11.
e4 d5 12. e5 Ne6 13. Qg4 g6 14. Bh6 Re8 15. Nc3 Nd7 16. f4 Bc5+ 17. Kh1 Kh8 18. Nh4 Be7 19. Rae1 Bxh4 20. gxh4 Ba6 21. Rf3 Nd4 22. Rh3 Nf5 23. Bg5 f6 24. h5 Kg7 25. hxg6 hxg6 26. exf6+ Nxf6 27. Rxe8 Qxe8 28. Bxf6+ Kxf6 29. Qg5+ Kg7 30. Rf3 Qe1+ 31. Bf1 Bxf1 32. Qg1 Bg2+ 33. Kxg2 Nh4+ 0-1

[Event "*** SCC Grand Prix: Titled Tuesday Blitz"]
[Site "Chess.com"]
[Date "2020.06.02"]
[Round "4"]
[White "DortmundCity"]
[Black "anon569"]
[Result "1-0"]
[WhiteElo "2585"]
[BlackElo "2276"]
[TimeControl "180+1"]
[EndTime "10:39:26 PDT"]
[Termination "DortmundCity won on time"]

1. e4 c5 2. Nf3 d6 3. d4 cxd4 4.
Nxd4 Nf6 5. Nc3 a6 6. Bg5 Nbd7 7. f4 Qc7 8. Qf3 b5 9. O-O-O Bb7 10. a3 g6 11. Nd5 Nxd5 12. exd5 Bg7 13. Nc6 Nf6 14.
Bxf6 Bxf6 15. g4 Rc8 16. Bg2 e6 17. dxe6 Bxc6 18. exf7+ Kf8 19. Qe2 Bxg2 20. Qxg2 Qc5 21. g5 Bg7 22. c3 b4 23. axb4 Qxb4 24. Rd2 Qa5 25. Qb7 Rc7 26. Qb8+ Kxf7 27. Qb3+ Ke7 28.
Re1+ Kd8 29. Rxd6+ Kc8 30. Rb6 Qa1+ 31. Kd2 Rd8+ 32.
Kc2 Qxe1 33. Rb8+ Kd7 34. Qd5+ Ke7 35. Qxd8+ 1-0

[Event "*** SCC Grand Prix: Titled Tuesday Blitz"]
[Site "Chess.com"]
[Date "2020.06.02"]
[Round "4"]
[White "Zmeeed63"]
[Black "Michaelson_11"]
[Result "0-1"]
[WhiteElo "2207"]
[BlackElo "2007"]
[TimeControl "180+1"]
[EndTime "10:39:27 PDT"]
[Termination "Michaelson_11 won by checkmate"]

1. d4 Nf6 2. c4 e6 3. Nc3 Bb4 4. f3 c5 5. d5 b5 6. e4 O-O 7. a3 Bxc3+ 8. bxc3 bxc4 9. Bxc4 exd5 10. Bxd5 Nxd5 11. Qxd5 Nc6 12. Qxc5 Ba6 13. Ne2 f5 14. e5 Rc8 15. Qd5+ Kh8 16. Be3 Re8 17. f4 d6 18. e6 Qf6 19. Nd4 Nxd4 20. Bxd4 Rxe6+ 21. Kf2 Re2+ 22. Kf3 Qh6 23. Qxf5 Rce8 24. g4 Bb7+ 25. Kg3 Rg2# 0-1

[Event "*** SCC Grand Prix: Titled Tuesday Blitz"]
[Site "Chess.com"]
[Date "2020.06.02"]
[Round "4"]
[White "gui_borba"]
[Black "dosto07"]
[Result "1-0"]
[WhiteElo "2311"]
[BlackElo "2108"]
[TimeControl "180+1"]
[EndTime "10:39:28 PDT"]
[Termination "gui_borba won on time"]

1. d4 d5 2. Bf4 Nf6 3. e3 c5 4. c3 Nc6 5. Nd2 Qb6 6. Qb3 c4 7. Qxb6 axb6 8. a3 b5 9. Rc1 Bf5 10. Ngf3 e6 11. Ne5 Be7 12. f3 h6 13. g4 Bh7 14. h4 Nxe5 15. Bxe5 O-O 16. Be2 Nd7 17. Bf4 Nb6 18. Bd1 Bd3 19. g5 h5 20. Nf1 Na4 21. Bxa4 bxa4 22. Ng3 g6 23. Be5 f6 24. gxf6 Bxf6 25. Bxf6 Rxf6 26. f4 Ra6 27. Rd1 Rb6 28.
Rd2 Bf5 29. Rg1 Bg4 30. Nf1 Kg7 31. Nh2 Bf5 32. Nf3 Rf8 33. Ne5 Rd6 34. Kd1 Rf6 35.
Kc1 Rd8 36. Rdg2 Rd6 37. Rg5 Kh7 38. Nf3 Rd8 39. Nd2 Rg8 40. Nf1 Bg4 41. Ng3 Rg7 42. Re5 Rff7 43. Nf1 Bf5 44. Nh2 Kg8 45. Nf3 Kf8 46.
Ng5 Rf6 47. Re1 Ke7 48. e4 dxe4 49. Nxe4 Bxe4 50. R1xe4 1-0

[Event "*** SCC Grand Prix: Titled Tuesday Blitz"]
[Site "Chess.com"]
[Date "2020.06.02"]
[Round "4"]
[White "Funkmaus"]
[Black "PauloFanha"]
[Result "0-1"]
[WhiteElo "2188"]
[BlackElo "1962"]
[TimeControl "180+1"]
[EndTime "10:39:28 PDT"]
[Termination "PauloFanha won by resignation"]

1. d4 d5 2. Nf3 c6 3. c4 e6 4. cxd5 exd5 5. Nc3 Bf5 6. Bf4 Bd6 7. Bg3 Nf6 8. e3 O-O 9. Bd3 Bxd3 10. Qxd3 Re8 11.
a3 Ne4 12. Nd2 Nxc3 13. Qxc3 Qe7 14. b4 Nd7 15. Bxd6 Qxd6 16. O-O Re6 17. a4 Rh6 18. Nf3 Nf6 19. b5 Ne4 20. Qa3 Qc7 21. h3 Re8 22. Rac1 Qd8 23. bxc6 bxc6 24. a5 Ng5 25. Nh2 Qd7 26. f4 Nxh3+ 27. gxh3 Qxh3 28. Rc2 Rxe3 29. Rf3 Re1+ 30. Kf2 Qxh2+ 31. Kxe1 Qxc2 32. Rf1 Rh2 33. Qe3 Qb1+ 0-1

[Event "*** SCC Grand Prix: Titled Tuesday Blitz"]
[Site "Chess.com"]
[Date "2020.06.02"]
[Round "4"]
[White "Zurability"]
[Black "Vaathi_Coming"]
[Result "0-1"]
[WhiteElo "2714"]
[BlackElo "2875"]
[TimeControl "180+1"]
[EndTime "10:39:29 PDT"]
[Termination "Vaathi_Coming won by resignation"]

1. Nf3 d5 2. g3 Nf6 3. Bg2 Nc6 4. d4 Bf5 5. O-O e6 6. c4 Be7 7.
b3 O-O 8. Nc3 Ne4 9. Bb2 Bf6 10.
e3 Re8 11. Rc1 Qd7 12. Nd2 Nxc3 13. Bxc3 Rad8 14. f4 h6 15. Qe2 Ne7 16. b4 c6 17.
a4 Bh7 18. b5 c5 19. Nb3 cxd4 20. Bxd4 Bxd4 21. Nxd4 dxc4 22. Rxc4 Nd5 23. Rfc1 e5 24. fxe5 Rxe5 25. Nb3 Rxe3 26. Qd2 Rd3 27. Qb2 Ne3 28. Nc5 Rd1+ 29. Kf2 Rd2+ 30. Kg1 Rxb2 31. Nxd7 Rxg2+ 32. Kh1 Nxc4 33. Rxc4 Rd2 0-1

[Event "*** SCC Grand Prix: Titled Tuesday Blitz"]
[Site "Chess.com"]
[Date "2020.06.02"]
[Round "4"]
[White "Ellaijio_B"]
[Black "GHANDEEVAM2003"]
[Result "0-1"]
[WhiteElo "2637"]
[BlackElo "2951"]
[TimeControl "180+1"]
[EndTime "10:39:29 PDT"]
[Termination "GHANDEEVAM2003 won by resignation"]

1. e4 c5 2. Nf3 e6 3. d4 cxd4 4. Nxd4 Nc6 5. Nc3 Qc7 6. f4 a6 7. Be3 b5 8. Bd3 Bb7 9. Qe2 Nxd4 10. Bxd4 Qxf4 11. Rf1 Qxh2 12. O-O-O Nf6 13. Qf2 Bd6 14. Ne2 Be5 15. Bc5 Qh5 16. Rh1 Qg5+ 17. Be3 Ng4 18. Bxg5 Nxf2 19. Rh5 Nxd1 20. Kxd1 Bxb2 21. c3 Ba3 22. Rh3 Be7 23. Be3 d6 24. Kd2 Kd7 25. Rh1 h6 26. Rb1 Bc6 27. Nd4 Rhc8 28. Nb3 Bf6 29. Bd4 Bxd4 30. cxd4 Ke7 31. Na5 Bd7 32. g3 h5 33. Rh1 Rh8 34. Rf1 h4 35. gxh4 Rxh4 36.
d5 Rah8 37. Rc1 Rh2+ 38. Ke3 R8h3+ 39. Kf4 e5+ 0-1

[Event "*** SCC Grand Prix: Titled Tuesday Blitz"]
[Site "Chess.com"]
[Date "2020.06.02"]
[Round "4"]
[White "swisspower96"]
[Black "neurisdr"]
[Result "0-1"]
[WhiteElo "2564"]
[BlackElo "2770"]
[TimeControl "180+1"]
[EndTime "10:39:29 PDT"]
[Termination "neurisdr won by resignation"]

1. d4 Nf6 2. c4 e6 3. Nf3 b6 4. g3 Ba6 5. Nbd2 Bb4 6. Qa4 Qe7 7. Bg2 Bxc4 8. a3 Bxd2+ 9. Bxd2 Bd5 10. O-O O-O 11.
Rac1 d6 12. Rfe1 Be4 13. Bf1 h6 14. b4 a6 15. Bc3 b5 16. Qd1 Nbd7 17. Nd2 Bb7 18.
e4 Nb6 19. Ba1 Rfd8 20. f3 Rac8 21. Nb3 Ba8 22. Qc2 Na4 23. Qf2 Nd7 24. d5 Ndb6 25. Na5 exd5 26. exd5 Qf8 27. Nc6 Re8 28. Red1 Bxc6 29.
Rxc6 Re7 30. f4 Rce8 31. Bg2 Re2 32. Qd4 R8e7 33. Bf3 R2e3 34. Kf2 Nc4 35. f5 f6 36. Qg4 Rxa3 37. Bd4 Nc3 38. Rd3 Ra2+ 39. Kf1 Nb1 40.
Qg6 Nbd2+ 41. Kg2 Nxf3+ 42. Kxf3 Qf7 43. Rxa6 Qxg6 44. fxg6 Rxa6 0-1

[Event "*** SCC Grand Prix: Titled Tuesday Blitz"]
[Site "Chess.com"]
[Date "2020.06.02"]
[Round "4"]
[White "amiralfio"]
[Black "isainz"]
[Result "1-0"]
[WhiteElo "2396"]
[BlackElo "2142"]
[TimeControl "180+1"]
[EndTime "10:39:29 PDT"]
[Termination "amiralfio won by checkmate"]

1. d4 e6 2. Bf4 d5 3. Nd2 Nf6 4.
e3 c5 5. Ngf3 Nc6 6. c3 Bd6 7. Bg3 O-O 8. Bd3 b6 9. e4 dxe4 10. Nxe4 Nxe4 11. Bxe4 Bb7 12. Qa4 Rc8 13. dxc5 Bxg3 14. hxg3 f5 15. Bc2 Na5 16. Rd1 Bd5 17. cxb6 Qxb6 18. O-O Nc4 19. b3 Nb2 20. Qh4 Nxd1 21.
Rxd1 Rxc3 22. Bd3 Bxf3 23. gxf3 Qc6 24. Qd4 Rc1 25. Rxc1 Qxc1+ 26. Kg2 Qa3 27. Bc4 Qxa2 28. Bxe6+ Kh8 29. Qb4 Rd8 30. Bxf5 Qd2 31. Qh4 Qd4 32.
Qxh7# 1-0

[Event "*** SCC Grand Prix: Titled Tuesday Blitz"]
[Site "Chess.com"]
[Date "2020.06.02"]
[Round "4"]
[White "AlanZhang"]
[Black "tamarozi99"]
[Result "0-1"]
[WhiteElo "2216"]
[BlackElo "2027"]
[TimeControl "180+1"]
[EndTime "10:39:29 PDT"]
[Termination "tamarozi99 won on time"]

1. e4 c5 2. Nf3 Nc6 3. d4 cxd4 4. Nxd4 g6 5. c4 d6 6. Nc3 Nf6 7. Be2 Nxd4 8. Qxd4 Bg7 9. Be3 O-O 10. Qd2 a5 11. O-O a4 12. Rfc1 Be6 13. Rab1 Qa5 14.
b4 axb3 15. axb3 Qb4 16. Nd5 Qxd2 17. Nxe7+ Kh8 18. Bxd2 Rfe8 19. Nd5 Bxd5 20. cxd5 Nxe4 21. Be1 Ra2 22. Bb5 Rea8 23. Rc7 Bd4 24. Rxf7 Ra1 25. Bd3 Rxb1 26. Bxb1 Ra1 27. Kf1 Rxb1 28. Rf4 Nd2+ 29.
Ke2 Nxb3 0-1

[Event "*** SCC Grand Prix: Titled Tuesday Blitz"]
[Site "Chess.com"]
[Date "2020.06.02"]
[Round "4"]
[White "xamax2000"]
[Black "Godzillator"]
[Result "1-0"]
[WhiteElo "2644"]
[BlackElo "2453"]
[TimeControl "180+1"]
[EndTime "10:39:30 PDT"]
[Termination "xamax2000 won by resignation"]

1. e4 c6 2. d4 d5 3. e5 Bf5 4. Nd2 e6 5. Nb3 Ne7 6. Nf3 Nd7 7. Be2 Bg6 8. O-O Qc7 9. a4 a6 10. Bd2 Nf5 11. Ba5 Qc8 12. Rc1 Be7 13. c4 dxc4 14. Bxc4 O-O 15. Qe2 Bd8 16. Bb4 Re8 17. a5 Bc7 18.
Rfd1 Ne7 19. h4 h6 20. Ne1 Nd5 21. Bd2 Qd8 22. h5 Bf5 23. Nd3 Qh4 24. Bxd5 exd5 25. Nf4 Nf8 26. Nc5 Rab8 27. b4 Bd8 28. Rc3 Bg5 29.
g3 Qg4 30. Qxg4 Bxg4 31. f3 Bxf4 32. fxg4 Bxd2 33. Rxd2 f6 34. exf6 gxf6 35. Rf2 Kg7 36. Rcf3 Nh7 37. Nd7 Rbd8 38. Nxf6 Nxf6 39. Rxf6 Re7 40.
Rg6+ Kh7 41. Rff6 Re1+ 42. Kf2 Rde8 43. Rxh6+ Kg7 44. Rfg6+ Kf7 45. Rh7+ Kf8 46. Rh8+ Kf7 47. Rxe8 Rxe8 48. g5 Re4 49. Rf6+ Kg8 50. Rf4 Re6 51. g4 Kh7 52. g6+ Kh6 53. Rf7 Re4 54. Rh7+ Kg5 55. g7 Re8 56. Rh8 1-0

[Event "*** SCC Grand Prix: Titled Tuesday Blitz"]
[Site "Chess.com"]
[Date "2020.06.02"]
[Round "4"]
[White "HanSchut"]
[Black "Synctel"]
[Result "1-0"]
[WhiteElo "2200"]
[BlackElo "1913"]
[TimeControl "180+1"]
[EndTime "10:39:30 PDT"]
[Termination "HanSchut won on time"]

1. e4 e6 2. d4 d5 3. Nd2 dxe4 4. Nxe4 Bd7 5. Bd3 Bc6 6. c3 Nd7 7. Nf3 Ngf6 8. Ng3 Be7 9. Qe2 O-O 10. b3 Re8 11.
Bb2 Nf8 12. O-O-O Bxf3 13. Qxf3 c6 14. Kb1 a5 15. h4 a4 16. c4 axb3 17. axb3 Qa5 18.
h5 b5 19. cxb5 cxb5 20. Ne4 Nxe4 21. Qxe4 Rec8 22. Bc2 Qa2+ 23. Kc1 Qxb3 24. Rh3 Bg5+ 25. Re3 Ra2 26. f4 Qxb2+ 27. Kd2 Rxc2+ 28. Ke1 Rxg2 29. Rf3 Qe2+ 30. Qxe2 Raxe2+ 31. Kf1 Bh4 32. d5 exd5 33. Rxd5 b4 34. Rb5 Rh2 35. Kg1 Rhf2 36. Rxf2 Rxf2 37. Rxb4 Re2 38. Kf1 Re6 39. Kg2 h6 40. Kf3 Bf6 41. Kg4 Kh7 42. Rb7 Re1 43. Rxf7 Ne6 44. Ra7 Re4 45. Kf5 1-0

[Event "*** SCC Grand Prix: Titled Tuesday Blitz"]
[Site "Chess.com"]
[Date "2020.06.02"]
[Round "4"]
[White "DLR7"]
[Black "ShahMatKanal"]
[Result "1-0"]
[WhiteElo "2660"]
[BlackElo "2466"]
[TimeControl "180+1"]
[EndTime "10:39:31 PDT"]
[Termination "DLR7 won by resignation"]

1. e4 c5 2. Nf3 d6 3. b4 Nc6 4. bxc5 dxc5 5. Nc3 e6 6. Bb2 Nf6 7. Bb5 Bd7 8. O-O a6 9. Bxc6 Bxc6 10. Ne5 Qc7 11.
Nxc6 Qxc6 12. e5 Nd5 13. Qf3 Be7 14. Ne4 O-O 15. c4 Nb4 16. a3 Nc2 17. Rac1 Nd4 18.
Bxd4 cxd4 19. Rfe1 Rfd8 20. Rb1 Rd7 21. d3 Bxa3 22.
Rb3 Bf8 23. Reb1 Rb8 24. Nf6+ gxf6 25. Qxc6 bxc6 26. Rxb8 fxe5 27. Ra8 Kg7 28. Rxa6 c5 29. f3 Kf6 30. Kf2 Rc7 31. Rb8 Bh6 32. Ke2 Bf4 33. g3 Be3 34. Rb5 h5 35. Raa5 Kg6 36. Rxc5 Rb7 37.
Rcb5 Rc7 38. Rxe5 Rb7 39. Reb5 Rc7 40. Rxh5 Rb7 41. Rhb5 Rc7 42. h4 f5 43. f4 Re7 44.
Re5 Kf6 45. Rxe3 dxe3 46. Kxe3 Rg7 47. Kf3 Rd7 48. Ra3 Rb7 49. c5 Rc7 50. Rc3 Rc6 51.
d4 Ke7 52. g4 fxg4+ 53. Kxg4 Kf6 54. h5 Rc8 55. c6 Rg8+ 56. Kf3 Ke7 57. c7 Rc8 58.
Ke4 Kd6 59. h6 Kd7 60. h7 Ke7 61. Ke5 Kd7 62. h8=Q Rxh8 63. c8=Q+ Rxc8 64. Rxc8 Kxc8 65. Kxe6 Kd8 66. Kf7 Kd7 67. f5 Kd6 68. f6 Kd5 69. Kg7 Kxd4 70. f7 Ke5 71. f8=Q 1-0

[Event "*** SCC Grand Prix: Titled Tuesday Blitz"]
[Site "Chess.com"]
[Date "2020.06.02"]
[Round "4"]
[White "A-Fier"]
[Black "LyonBeast"]
[Result "1-0"]
[WhiteElo "2754"]
[BlackElo "2928"]
[TimeControl "180+1"]
[EndTime "10:39:32 PDT"]
[Termination "A-Fier won by resignation"]

1. d4 Nf6 2. c4 g6 3. Nc3 Bg7 4.
e4 d6 5. Nf3 O-O 6. Be2 Na6 7.
O-O e5 8. Be3 Qe8 9. dxe5 dxe5 10. h3 c6 11. c5 Qe7 12. Bxa6 bxa6 13. Qe2 Rd8 14. Rfd1 Rxd1+ 15. Rxd1 Rb8 16. b3 a5 17. Qd3 Bb7 18. Qd6 Qxd6 19. cxd6 Nd7 20. Bxa7 Rc8 21.
Be3 h6 22. Nd2 c5 23. Nc4 Bf8 24. Nxa5 Ba8 25. Nc4 f5 26. f3 Kf7 27. a4 Rb8 28.
Rb1 Bc6 29. a5 Ke6 30. g4 f4 31. Bf2 Bxd6 32. Nd5 Bf8 33. Ndb6 Nxb6 34. Nxb6 Bb5 35. Rc1 Be2 36. Kg2 Rd8 37. Nd5 Rc8 38. b4 c4 39.
b5 c3 40. Rxc3 Rxc3 41. Nxc3 Bb4 42. Nxe2 1-0

[Event "*** SCC Grand Prix: Titled Tuesday Blitz"]
[Site "Chess.com"]
[Date "2020.06.02"]
[Round "4"]
[White "Oleksandr_Bortnyk"]
[Black "BogdanBelyakov89"]
[Result "1-0"]
[WhiteElo "2960"]
[BlackElo "2655"]
[TimeControl "180+1"]
[EndTime "10:39:32 PDT"]
[Termination "Oleksandr_Bortnyk won by checkmate"]

1. e4 e5 2. Bc4 Nc6 3. d3 Nf6 4. Nc3 Na5 5. Bb3 Nxb3 6. axb3 d5 7. Bg5 Bb4 8. Bxf6 gxf6 9. exd5 Qxd5 10. Qf3 Be6 11.
O-O-O Qxf3 12. Nxf3 Bxc3 13. bxc3 Bg4 14. Rde1 Bxf3 15. gxf3 Kd7 16. f4 Kd6 17. Re4 Rhg8 18. Rhe1 Rg2 19. fxe5+ fxe5 20. Rxe5 Rxf2 21. Rh5 Rg8 22.
Kb2 Rgg2 23. b4 Rxc2+ 24. Kb3 Rxh2 25. Rhe5 c6 26. c4 Rb2+ 27. Kc3 Rhc2+ 28. Kd4 Rxb4 29. Rf1 b5 30. Rf6+ Kc7 31. Rxf7+ Kb6 32. Ree7 a6 33.
Rb7+ Ka5 34. Kc5 Ra4 35. Kxc6 bxc4 36. Rf5# 1-0